 Dungeon Crawl Stone Soup version 0.27.1-33-g824d729ab1 (webtiles) character file.

Game seed: 2619956811829038948

189 Rhonda the Skirmisher (level 5, -9/85 HPs)
             Began as an Ogre Fighter on Dec 19, 2021.
             Mangled by Pikel (17 damage)
             ... on level 4 of the Dungeon.
             The game lasted 00:18:45 (3198 turns).

Rhonda the Skirmisher (Ogre Fighter)                Turns: 3198, Time: 00:18:46

Health: -9/85      AC: 22    Str: 21    XL:     5   Next: 68%
Magic:  5/5        EV:  1    Int:  9    God:
Gold:   164        SH:  8    Dex:  8    Spells: 4/4 levels left

rFire    . . .     SeeInvis .   l - +1 hand axe (drain)
rCold    + . .     Faith    .   c - +0 kite shield
rNeg     + + +     Spirit   .   (armour currently unavailable)
rPois    +         Reflect  .   (helmet currently unavailable)
rElec    .         Harm     .   (cloak currently unavailable)
rCorr    .         Rampage  .   (gloves unavailable)
Will     .....     NoTele   +   (boots unavailable)
Stlth    +.........             (no amulet)
HPRegen  0.24/turn              j - ring of protection from cold
MPRegen  0.09/turn              (no ring)

@: tree-form, attractive
A: stationary, stasis, torment immunity, boosted hp, large, unfitting armour,
(tough skin 1)
a: no special abilities


You were on level 4 of the Dungeon.
You were a tree.
You visited 1 branch of the dungeon, and saw 4 of its levels.

You collected 164 gold pieces.

Inventory:

Hand Weapons
 a - a +0 long sword
 f - a +1 hunting sling
 h - a +1 dagger of protection
 l - a +1 hand axe of draining (weapon)
Missiles
 e - 10 atropa-tipped darts (quivered)
 i - 43 sling bullets
 o - 2 boomerangs
Armour
 b - a +0 robe (melded)
 c - a +0 kite shield (worn)
Jewellery
 j - a ring of protection from cold (left branch)
Wands
 p - a wand of flame (24)
Scrolls
 g - 2 scrolls of teleportation
 n - a scroll of amnesia
Potions
 d - a potion of attraction


   Skills:
 + Level 5.0 Fighting
 + Level 1.2(2.0) Short Blades
 + Level 2.4(2.6) Long Blades
 + Level 0.4 Axes
 + Level 1.5 Slings
 + Level 0.3(1.3) Throwing
 + Level 3.3 Dodging
 + Level 0.4 Stealth
 + Level 3.2 Shields


You had 4 spell levels left.
You didn't know any spells.
Your spell library was empty.

Dungeon Overview and Level Annotations

Branches:
Dungeon (4/15)
 Temple: D:4-7

Altars:

Annotations:
D:4 Pikel


Innate Abilities, Weirdness & Mutations

You are a tree.
Your roots penetrate the ground, keeping you stationary.
You cannot be teleported.
You are immune to unholy pain and torment.
Your maximum health is greatly increased.
Your equipment is partially melded.
You are too large for most types of armour.
((You have tough skin. (AC +1)))


Message History

You barely miss Pikel. You hit the lemure. x2
Pikel cracks his whip.
Pikel hits you with a +0 whip of electrocution!
The lemure hits you!
A lemure comes into view.
The lemure hits you but does no damage. You block the lemure's attack.
Pikel hits you with a +0 whip of electrocution.
The lemure hits you.
It was a potion of flight.
You feel very buoyant.
You fly up into the air.
You block the lemure's attack.
Pikel hits you with a +0 whip of electrocution.
* * * LOW HITPOINT WARNING * * *
The lemure hits you but does no damage. The lemure hits you.
* * * LOW HITPOINT WARNING * * *
The lemure is pulled toward you!
Really quaff the potion of lignification?
You turn into a tree.
Your +0 robe melds into your body.
Your roots penetrate the ground.
The lemure hits you but does no damage. Pikel hits you but does no damage.
The lemure hits you but does no damage. You block the lemure's attack.
The lemure hits you but does no damage.
You barely miss Pikel.
Your shield prevents you from hitting the lemure.
You hit the lemure. You hit the lemure but do no damage.
You barely miss the lemure. The lemure hits you but does no damage.
Pikel hits you but does no damage. The lemure hits you but does no damage.
You block the lemure's attack.
The lemure hits you but does no damage. x2
You completely miss Pikel. You closely miss the lemure. You hit the lemure.
You closely miss the lemure. You hit the lemure. You block Pikel's attack.
The lemure hits you but does no damage. x3; The lemure hits you.
* * * LOW HITPOINT WARNING * * *
The lemure hits you but does no damage. You block Pikel's attack.
The lemure hits you.
* * * LOW HITPOINT WARNING * * *
The lemure hits you but does no damage.
You closely miss Pikel. You hit the lemure. You barely miss the lemure.
Your shield prevents you from hitting the lemure.
You barely miss the lemure. You block the lemure's attack.
Pikel hits you but does no damage.
You are electrocuted!
You die...

...#................
#......#...........#
##.5..##............
####.#........<..##
#... ##.#.......##
.##... ###.......##
......##....#......#
......K55.[.#......#
###5♣5.....#.....#
#.........#####.#
#..........# ..
...).........#
#.>...........#
........#.....#
.......###....#
......# ....#


You could see Pikel and 4 lemures.

Vanquished Creatures
  A bullfrog zombie (D:3)
  A hound (D:3)
  2 adders
  3 worms
  4 dart slugs
  4 orcs (D:3)
  4 endoplasms (D:1)
  6 giant cockroaches
  9 goblins
  4 hobgoblins
  13 jackals
  7 kobolds
  2 quokkas (D:2)
  4 ball pythons
  8 bats
  2 frilled lizards
  6 rats
80 creatures vanquished.

Vanquished Creatures (others)
  4 toadstools (D:1)
4 creatures vanquished.

Grand Total: 84 creatures vanquished

Notes
Turn   | Place    | Note
-------+----------+-------------------------------------------
     0 | D:1      | Rhonda the Ogre Fighter began the quest for the Orb.
     0 | D:1      | Reached XP level 1. HP: 24/24 MP: 1/1
    54 | D:1      | Reached XP level 2. HP: 10/32 MP: 2/2
   852 | D:1      | Reached XP level 3. HP: 39/39 MP: 3/3
  1710 | D:2      | Reached XP level 4. HP: 44/48 MP: 4/4
  2185 | D:2      | Reached skill level 1 in Short Blades
  2594 | D:3      | Reached XP level 5. HP: 37/55 MP: 5/5
  2670 | D:3      | Reached skill level 1 in Slings
  2932 | D:3      | Reached skill level 5 in Fighting
  3178 | D:4      | Noticed a lemure
  3178 | D:4      | Noticed a lemure
  3180 | D:4      | Noticed Pikel
  3186 | D:4      | Noticed a lemure
  3193 | D:4      | Noticed a lemure
  3198 | D:4      | Mangled by Pikel

Illustrated notes

Levels and vault maps discovered:
D:1:      amcnicky_arrival_single_pillar, layout_loops_ring, minmay_hedge_maze,
          minivault_19, corexii_hall_statues_i, minmay_gold_behind_fungi,
          minivault_25, minmay_small_reverse_x
D:2:      layout_basic, minmay_pentomino_w4
D:3:      layout_loops_ring
D:4:      layout_cave_pools, kennysheep_path_1, uniq_pikel, uniq_robin

Skill      XL: |  1  2  3  4  5 |
---------------+----------------+-----
Dodging        | 3 |  3.3
Long Blades    | 2 |  2.4
Shields        | 3 |  3.2
Short Blades   | 1 |  1.2
Slings         | 1 |  1.5
Fighting       | 5 |  5.0
Axes           | |  0.4
Throwing       | |  0.3
Stealth        | |  0.4

Action                   |  1- 3 |  4- 6 || total
-------------------------+-------+-------++-------
Melee: Long sword        |    54 |       ||    54
       Dagger            |   126 |    30 ||   156
       Hand axe          |       |    52 ||    52
 Fire: Hunting sling     |    14 |    59 ||    73
Throw: Dart              |     7 |       ||     7
  Use: Potion            |     3 |     3 ||     6
       Scroll            |     3 |     3 ||     6
 Stab: Invisible         |     1 |       ||     1
Armor: Robe              |    95 |    33 ||   128
       Skin              |       |    15 ||    15
Dodge: Dodged            |    76 |    33 ||   109
Block: Kite shield       |    91 |    51 ||   142
       Rpst.: Long sword |    10 |       ||    10
